 Dungeon Crawl Stone Soup version 0.21.1-1-g345015f (webtiles) character file.

32 Supreme the Magician (level 3, 0/19 HPs)
             Began as a Deep Elf Wizard on Apr 26, 2018.
             Succumbed to an adder's poison
             ... on level 2 of the Dungeon.
             The game lasted 00:05:12 (653 turns).

Supreme the Magician (Deep Elf Wizard)               Turns: 653, Time: 00:05:13

Health: 0/19       AC:  2    Str:  4    XL:     3   Next: 8%
Magic:  0/12       EV: 13    Int: 23    God:
Gold:   42         SH:  0    Dex: 13    Spells: 0/13 levels left

rFire    . . .     SeeInvis .   h - +0 dagger (curse)
rCold    . . .     Gourm    .   (no shield)
rNeg     . . .     Faith    .   a - +0 robe
rPois    .         Spirit   .   b - +0 hat
rElec    .         Reflect  .   (no cloak)
rCorr    .         Harm     .   (no gloves)
MR       .....                  (no boots)
Stlth    ++........             (no amulet)
HPRegen  0.06/turn              (no ring)
MPRegen  0.13/turn              (no ring)

@: lethally poisoned (0 -> -7)
A: no striking features
a: no special abilities


You were on level 2 of the Dungeon.
You were not hungry.

You visited 1 branch of the dungeon, and saw 2 of its levels.

You collected 42 gold pieces.

Inventory:

Hand Weapons
 h - a cursed +0 dagger (weapon)
Missiles
 j - 2 stones (quivered)
Armour
 a - a +0 robe (worn)
 b - a +0 hat (worn)
 i - a +0 shield
Scrolls
 k - 4 scrolls of identify {unknown}
 l - 2 scrolls of magic mapping {unknown}
Potions
 e - a potion of heal wounds {unknown}
 g - a potion of curing {unknown}
 m - a potion of agility {unknown}
Books
 c - a book of Minor Magic

   Spells                             Type                      Level
   a - Magic Dart                     Conjuration                  1
   b - Blink                          Translocation                2
   c - Call Imp                       Summoning                    2
   d - Slow                           Hexes                        2
   e - Conjure Flame                  Conjuration/Fire             3
   f - Mephitic Cloud                 Conjuration/Poison/Air       3
Comestibles
 d - 4 rations
 f - 6 chunks of flesh


   Skills:
 + Level 2.9 Dodging
 + Level 2.6 Stealth
 + Level 5.5 Spellcasting
 + Level 1.2 Conjurations
 + Level 1.1 Summonings
 + Level 1.1 Translocations


You couldn't memorise any spells.
You knew the following spells:

 Your Spells              Type           Power        Failure   Level  Hunger
a - Magic Dart            Conj           ##..         5%          1    None
b - Blink                 Tloc           N/A          9%          2    None
c - Call Imp              Summ           ##......     9%          2    None
d - Slow                  Hex            #.......     14%         2    None
e - Conjure Flame         Conj/Fire      #.......     21%         3    ##.....
f - Mephitic Cloud        Conj/Pois/Air  #.......     22%         3    ##.....


Dungeon Overview and Level Annotations

Branches:
Dungeon (2/15)

Altars:


Message History

Aim: an adder (heavily wounded)
The magic dart hits the adder.
The adder is almost dead.
* * * LOW HITPOINT WARNING * * *
You feel sick. The adder barely misses you.
You miss the adder.
The adder is almost dead.
The adder misses you.
You barely miss the adder.
The adder is almost dead.
* * * LOW HITPOINT WARNING * * *
You feel sick. The adder bites you.
* * * LOW HITPOINT WARNING * * *
The adder bites you but does no damage.
You completely miss the adder.
The adder is almost dead.
The adder misses you.
You miss the adder.
The adder is almost dead.
You die...

#.##.## g# #. #..#
.# #. ##.##.#
#..#.# ##.#.#
#...######+###
##...........#
#.......>.........#
########...S@.....+
#..........#
#..........#
#..........#
#..........#
############


You could see an adder.

Vanquished Creatures
  An orc (D:2)
  4 bats
  2 giant cockroaches (D:1)
  7 goblins
  A hobgoblin (D:2)
  2 jackals (D:1)
  3 frilled lizards (D:1)
  4 kobolds
  5 rats
29 creatures vanquished.

Notes
Turn   | Place    | Note
-------+----------+-------------------------------------------
     0 | D:1      | Supreme the Deep Elf Wizard began the quest for the Orb.
     0 | D:1      | Reached XP level 1. HP: 10/10 MP: 7/7
    71 | D:1      | Reached XP level 2. HP: 15/15 MP: 1/9
    75 | D:1      | Learned a level 2 spell: Blink
    78 | D:1      | Learned a level 2 spell: Call Imp
    81 | D:1      | Learned a level 2 spell: Slow
   117 | D:1      | Reached skill level 5 in Spellcasting
   590 | D:2      | Reached XP level 3. HP: 19/19 MP: 4/12
   595 | D:2      | Learned a level 3 spell: Conjure Flame
   599 | D:2      | Learned a level 3 spell: Mephitic Cloud
   653 | D:2      | Succumbed to an adder's poison

Skill      XL: |  1  2 |
---------------+-------+-----
Spellcasting   | 5 |  5.5
Dodging        | |  2.9
Stealth        | |  2.6
Conjurations   | |  1.2
Summonings     | |  1.1
Translocations | |  1.1

Action                   || total
-------------------------++-------
Melee: Dagger            ||    19
 Cast: Magic Dart        ||    51
       Blink             ||     1
 Stab: Sleeping          ||     2
Armor: Robe              ||    10
Dodge: Dodged            ||    22
